AoeStats
← HrH The Sausage Meister General

Black Forest

509717476Analyzed
4v4 RM · 4d ago on Sep 27, 2026· 72m 1s· 8 players
Game mode
Random Map
Map size
Large (8 player)
Population
200
Speed
Normal
Resources
Standard
Victory
Conquest
Starting age
Dark Age
Ending age
Imperial Age
RankedLock teamsTeams togetherTeam positionsShared explorationLock speedFull tech treeHidden civsTurbo modeCheats
Victory
Defeat
🇬🇧 Bohemians · United Kingdom
1132
+13
🇬🇧 Persians · United Kingdom
1128
+13
🇬🇧 Goths · United Kingdom
1117
+13
🇬🇧 Persians · United Kingdom
1117
+13
🇵🇪 Georgians · Peru
1081
-14
🇮🇳 Hindustanis · India
1080
-13
🇳🇱 Goths · Netherlands
1054
-13
🇹🇷 Burgundians · Türkiye
1022
-12
VVS
0:28 Loom
16:58 Feudal Age
19:19 Wheelbarrow
19:38 Town Watch
23:45 Castle Age
21:43 Double-Bit Axe
21:46 Fishing Lines
23:54 Gold Mining
23:57 Stone Mining
24:36 Gillnets
29:11 Horse Collar
29:45 Bow Saw
36:14 Imperial Age
35:07 Forging
34:58 Scale Mail Armor
35:04 Scale Barding Armor
35:56 Grand Trunk Road
36:21 Elite Ghulam
37:22 Conscription
38:12 Hand Cart
38:21 Fletching
40:03 Heavy Plow
41:01 Iron Casting
40:42 Chain Mail Armor
42:43 Blast Furnace
43:13 Bodkin Arrow
45:06 Gold Shaft Mining
47:22 Ballistics
48:18 Chemistry
66:13 Padded Archer Armor
68:17 Leather Archer Armor
69:47 Two-Man Saw
Batistuta666
0:46 Loom
12:12 Feudal Age
12:44 Man-at-Arms
14:27 Wheelbarrow
18:35 Double-Bit Axe
18:42 Gold Mining
20:57 Horse Collar
22:38 Town Watch
29:12 Castle Age
27:20 Stone Mining
29:07 Forging
28:58 Scale Mail Armor
29:30 Long Swordsman
29:30 Pikeman
30:55 Hand Cart
31:13 Squires
32:52 Stone Shaft Mining
32:41 Bow Saw
39:38 Imperial Age
37:28 Heavy Plow
39:05 Iron Casting
38:46 Chain Mail Armor
40:46 Two-Handed Swordsman
44:50 Blast Furnace
45:30 Conscription
45:20 Perfusion
45:22 Anarchy
45:32 Halberdier
48:04 Crop Rotation
47:50 Champion
49:47 Two-Man Saw
55:39 Elite Huskarl
Jewish MasterMind
1:24 Loom
12:50 Feudal Age
14:52 Horse Collar
14:59 Double-Bit Axe
20:04 Castle Age
18:06 Stone Mining
19:13 Bow Saw
19:44 Stone Shaft Mining
20:34 Fishing Lines
21:58 Two-Man Saw
26:58 Pikeman
29:21 Gillnets
32:25 Wheelbarrow
32:28 Heavy Plow
35:34 Imperial Age
33:52 Fletching
36:13 Hand Cart
35:43 Town Watch
36:21 Burgundian Vineyards
36:34 Capped Ram
36:52 Flemish Revolution
37:46 Conscription
38:08 Scale Mail Armor
38:19 Forging
40:21 Chain Mail Armor
40:42 Iron Casting
42:05 Plate Mail Armor
41:34 Gold Mining
44:17 Fortified Wall
44:03 Murder Holes
46:30 Blast Furnace
46:28 Masonry
49:43 Gold Shaft Mining
50:01 Hoardings
49:50 Scale Barding Armor
50:45 Crop Rotation
50:13 Elite Coustillier
51:19 Chain Barding Armor
52:39 Plate Barding Armor
52:19 Husbandry
54:03 Architecture
53:55 Ballistics
54:36 Chemistry
53:18 Treadmill Crane
53:40 Bodkin Arrow
60:02 Caravan
64:27 Light Cavalry
67:36 Hussar
AGARRINI LA PALINI
0:33 Loom
11:03 Feudal Age
16:57 Castle Age
15:02 Double-Bit Axe
16:49 Stone Mining
24:34 Horse Collar
25:32 Fletching
26:54 Wheelbarrow
31:38 Imperial Age
30:46 Gold Mining
31:06 Bow Saw
31:31 Stone Shaft Mining
31:38 Town Watch
32:08 Hand Cart
32:27 Ballistics
33:26 Conscription
34:32 Scale Barding Armor
34:38 Forging
37:41 Redemption
37:35 Treadmill Crane
38:55 Block Printing
40:51 Bodkin Arrow
42:32 Murder Holes
42:54 Svan Towers
43:33 Theocracy
46:14 Chain Barding Armor
46:29 Iron Casting
50:01 Masonry
49:57 Siege Engineers
51:20 Heavy Scorpion
55:11 Chemistry
DizzyLeChuckieEgg
7:00 Loom
12:00 Feudal Age
12:55 Double-Bit Axe
15:38 Castle Age
18:52 Town Watch
19:05 Fishing Lines
23:37 Gillnets
25:32 Fortified Wall
26:52 Wheelbarrow
26:43 Bow Saw
26:14 Horse Collar
27:02 Fervor
27:21 Heavy Plow
28:52 Hand Cart
33:06 Imperial Age
31:15 Scale Mail Armor
31:25 Forging
32:14 Chain Mail Armor
33:22 Sanctity
32:59 Pikeman
33:39 Squires
34:17 Iron Casting
34:45 Chemistry
33:54 Halberdier
35:05 Plate Mail Armor
36:05 Blast Furnace
34:50 Houfnice
37:05 Siege Engineers
38:07 Wagenburg Tactics
38:23 Conscription
41:35 Devotion
44:18 Two-Man Saw
44:33 Arson
45:49 Caravan
47:32 Padded Archer Armor
49:05 Faith
49:11 Elite Hussite Wagon
50:22 Leather Archer Armor
52:32 Ring Archer Armor
53:07 Caravan
53:26 Arrowslits
54:03 Ballistics
56:01 Fletching
56:24 Masonry
56:46 Bombard Tower
57:05 Bodkin Arrow
60:02 Architecture
66:16 Coinage
66:11 Bracer
68:34 Banking
King_Of_Lincoln
0:27 Loom
17:31 Feudal Age
22:29 Wheelbarrow
24:13 Town Watch
28:06 Castle Age
28:13 Castle Age
30:27 Hand Cart
31:52 Double-Bit Axe
33:06 Ballistics
33:33 Horse Collar
39:01 Murder Holes
39:31 Heavy Plow
46:14 Town Watch
49:24 Imperial Age
49:34 Imperial Age
48:37 Town Patrol
49:42 Masonry
54:06 Squires
53:28 Man-at-Arms
54:54 Caravan
54:52 Long Swordsman
57:04 Pikeman
57:05 Two-Handed Swordsman
58:31 Scale Mail Armor
58:42 Forging
58:56 Champion
62:41 Conscription
65:03 Bow Saw
65:30 Crop Rotation
67:30 Halberdier
69:56 Two-Man Saw
HrH The Sausage Meister General
9:32 Loom
11:44 Feudal Age
16:52 Castle Age
16:48 Scale Barding Armor
19:04 Chain Barding Armor
25:55 Horse Collar
26:02 Double-Bit Axe
31:38 Wheelbarrow
31:27 Heavy Plow
31:40 Bow Saw
33:13 Hand Cart
33:01 Gold Mining
34:38 Gold Shaft Mining
34:53 Bloodlines
34:47 Husbandry
35:00 Forging
37:23 Imperial Age
36:31 Iron Casting
37:15 Cavalier
38:45 Plate Barding Armor
39:28 Blast Furnace
41:27 Citadels
41:11 Fletching
41:52 Bodkin Arrow
41:37 Light Cavalry
43:40 Hussar
48:49 Kamandaran
49:33 Padded Archer Armor
50:23 Ballistics
51:04 Chemistry
50:29 Leather Archer Armor
50:30 Masonry
50:06 Crossbowman
50:51 Thumb Ring
62:29 Ring Archer Armor
69:02 Hoardings
The Evil Monkey
2:16 Loom
16:31 Feudal Age
18:03 Wheelbarrow
21:14 Castle Age
19:16 Double-Bit Axe
19:28 Horse Collar
20:42 Gold Mining
20:43 Stone Mining
24:11 Hand Cart
26:20 Bow Saw
26:12 Heavy Plow
28:58 Fletching
32:13 Husbandry
32:23 Bloodlines
33:15 Bodkin Arrow
34:37 Forging
34:34 Scale Barding Armor
39:16 Imperial Age
37:50 Chain Barding Armor
38:06 Iron Casting
38:14 Gold Shaft Mining
38:15 Stone Shaft Mining
38:55 Cavalier
40:12 Plate Barding Armor
40:39 Two-Man Saw
40:11 Crop Rotation
40:47 Blast Furnace
40:09 Conscription
41:48 Savar
43:15 Murder Holes
44:18 Light Cavalry
46:26 Hussar
47:04 Man-at-Arms
47:45 Squires
47:08 Pikeman
47:34 Arson
52:11 Chemistry
51:24 Halberdier
52:07 Scale Mail Armor
61:03 Caravan
62:41 Chain Mail Armor
65:41 Man-at-Arms
66:06 Gambesons
66:55 Plate Mail Armor
Connection lost

Rejoining the realm…

Still unreachable

The connection could not be restored.

Session expired

The server has moved on; the page needs a fresh start.